 Dungeon Crawl Stone Soup version 0.21-a0-143-g1ab7d47 (webtiles) character file.

41 grindst0ne the Skirmisher (level 3, 0/51 HPs)
             Began as a Hill Orc Abyssal Knight on July 25, 2017.
             Was a Follower of Lugonu.
             Slain by Natasha (4 damage)
             ... on level 2 of the Dungeon.
             The game lasted 00:01:33 (1143 turns).

grindst0ne the Skirmisher (Hill Orc Abyssal Knight) Turns: 1143, Time: 00:01:34

Health: 0/51       AC: 21    Str: 15    XL:     3   Next: 52%
Magic:  4/4        EV:  2    Int: 12    God:    Lugonu [*.....]
Gold:   98         SH:  0    Dex: 10    Spells: 2/2 levels left

rFire    . . .     SeeInvis .   a - +1 hand axe
rCold    . . .     Gourm    .   (no shield)
rNeg     + + +     Faith    .   (armour currently unavailable)
rPois    +         Spirit   .   (helmet currently unavailable)
rElec    .         Reflect  .   (cloak currently unavailable)
rCorr    .         Harm     .   (gloves currently unavailable)
MR       .....     NoTele   +   (boots currently unavailable)
Stlth    +.........             (no amulet)
HPRegen  0.17/turn              (no ring)
MPRegen  0.09/turn              (no ring)

@: tree-form, slowed, very slow
A: no striking features
a: Depart the Abyss, Renounce Religion


You were on level 2 of the Dungeon.
You worshipped Lugonu.
Lugonu was aware of your devotion.
You were not hungry.
You were a tree.
You visited 1 branch of the dungeon, and saw 2 of its levels.
You visited the Abyss 1 time.

You collected 98 gold pieces.

Inventory:

Hand Weapons
 a - a +1 hand axe (weapon)
Armour
 b - a +0 leather armour (melded)
Scrolls
 i - a scroll of recharging {unknown}
 j - a scroll of identify {unknown}
 l - a scroll of remove curse {unknown}
Potions
 e - a potion of haste {unknown}
 g - a potion of magic {unknown}
 h - a potion of agility {unknown}
 k - a potion of curing {unknown}
 m - a potion of might {unknown}
Comestibles
 c - a bread ration
 f - a chunk of flesh


   Skills:
 + Level 4.4 Fighting
 + Level 4.1 Axes
 - Level 2.1 Armour
 - Level 0.7 Dodging
 - Level 2.4 Invocations


You had 2 spell levels left.
You didn't know any spells.

Dungeon Overview and Level Annotations

Branches:
Dungeon (2/15)

Altars:

Annotations:
D:2 Natasha


Message History

Natasha is moderately wounded.
You closely miss the shadow imp. The shadow imp barely misses you.
Natasha claws you.
* * * LOW HITPOINT WARNING * * *
The shadow imp closely misses you. Natasha claws you.
* * * LOW HITPOINT WARNING * * *
The white imp disappears for a moment.
The white imp hits you but does no damage.
The shadow imp hits you.
* * * LOW HITPOINT WARNING * * *
The white imp closely misses you.
Okay, then.
It was a potion of lignification.
You turn into a tree.
Your +0 leather armour melds into your body.
Your roots penetrate the ground.
The shadow imp hits you but does no damage.
Natasha casts a spell.
The white imp hits you but does no damage.
Natasha claws you.
You die...

# # ####### ############
#.....# #...../....#
#.##.## #..........#
#.##.##
###..........######.##.##
.......555...............
#.....h♣....#####...####
#.########### #...<...
#....... #...###. #...#
#. #...# ## #...# #...#
#...#


You could see Natasha, a white imp and 2 shadow imps.

Vanquished Creatures
  Natasha (D:2)
  A leopard gecko (D:1)
  5 bats (D:1)
  A giant cockroach (D:1)
  3 hobgoblins
  A frilled lizard (D:1)
  A goblin (D:1)
  4 rats (D:1)
17 creatures vanquished.

Notes
Turn   | Place    | Note
-------+----------+-------------------------------------------
     0 | Abyss:1  | grindst0ne the Hill Orc Abyssal Knight began the quest for the Orb.
     0 | Abyss:1  | Reached XP level 1. HP: 19/19 MP: 2/2
    33 | Abyss:1  | Noticed a tormentor
    35 | Abyss:1  | Noticed a starcursed mass
    35 | D:1      | Escaped the Abyss
   283 | D:1      | Reached XP level 2. HP: 17/27 MP: 3/3
   291 | D:1      | Reached * piety under Lugonu
   823 | D:2      | Noticed Natasha
  1100 | D:2      | Killed Natasha
  1100 | D:2      | Reached XP level 3. HP: 26/34 MP: 4/4
  1130 | D:2      | Noticed Natasha
  1143 | D:2      | Slain by Natasha

Vault maps used:
D:1:      matt_arrival_spirals
D:2:      uniq_natasha

Skill      XL: |  1  2 |
---------------+-------+-----
Axes           | 3 4 |  4.1
Fighting       | 4 |  4.4
Armour         | |  2.1
Dodging        | |  0.7
Invocations    | |  2.4

Action                   || total
-------------------------++-------
Melee: Hand axe          ||    52
       Unarmed           ||    11
Invok: Depart the Abyss  ||     1
  Use: Potion            ||     1
 Stab: Confused          ||     1
  Eat: Chunk             ||     1
Armor: Leather armour    ||    23
       Skin              ||     3
Dodge: Dodged            ||    47
